 Dungeon Crawl Stone Soup version 0.29.0-4-gdea44cf6ec (webtiles) character file.

Game seed: 4302325292236190644

221 qw the Chopper (level 5, 0/37 HPs)
             Began as a Barachi Chaos Knight on Sept 6, 2022.
             Slain by an orc
             ... wielding a +0 mace
              (1 damage)
             ... on level 3 of the Dungeon.
             The game lasted 00:00:58 (2386 turns).

qw the Chopper (Barachi Chaos Knight)               Turns: 2386, Time: 00:00:58

Health: 0/37       AC:  5    Str: 15    XL:     5   Next: 98%
Magic:  5/5        EV:  6    Int: 12    God:
Gold:   142        SH:  0    Dex: 18    Spells: 4/4 levels left

rFire   + . .      SeeInvis .   Y - +0 hand axe (freeze)
rCold   . . .      Faith    .   (no shield)
rNeg    . . .      Spirit   .   l - +0 chain mail
rPois   .          Reflect  .   (no helmet)
rElec   .          Harm     .   (no cloak)
rCorr   .          Rampage  .   f - +0 pair of gloves
Will    .....                   (no boots)
Stlth   ..........              (no amulet)
HPRegen 0.12/turn               d - ring of protection from fire
MPRegen 0.09/turn               m - +6 ring of dexterity

@: slow
A: amphibious, slowness 1, strong legs 1, +LOS, deformed body, frail 1, wild
magic 1
a: Hop


You were on level 3 of the Dungeon.
You visited 1 branch of the dungeon, and saw 3 of its levels.

You collected 142 gold pieces.


Innate Abilities, Weirdness & Mutations

You are amphibious.
You cover ground slowly.
You can hop short distances.
You have an extended range of vision and can be seen from far away.
Armour fits poorly on your strangely shaped body.
You are frail. (-10% HP)
Your spells are a little harder to cast, but a little more powerful.


   Skills:
 - Level 4.0 Fighting
 + Level 6.9 Axes
 - Level 2.4 Armour
 - Level 1.1 Dodging


You had 4 spell levels left.
You didn't know any spells.
Your spell library was empty.

Inventory:

Hand Weapons
 e - a +0 whip
 Y - a +0 hand axe of freezing (weapon)
Armour
 f - a +0 pair of gloves (worn)
 l - a +0 chain mail (worn)
Jewellery
 d - a ring of protection from fire (left hand)
 m - a +6 ring of dexterity (right hand)
Scrolls
 b - a scroll of poison {unknown}
 k - a scroll of identify
Potions
 a - a potion of degeneration {unknown}
 g - 2 potions of haste {unknown}
 h - a potion of curing
 i - a potion of brilliance {unknown}
Miscellaneous
 c - a piece from Xom's chessboard (15/15)

Dungeon Overview and Level Annotations

Branches:
Dungeon (3/15)

Altars:
Makhleb

Annotations:
D:2 1 runed translucent door, Crazy Yiuf


Message History

The orc priest invokes the aid of Beogh against you.
Beogh smites you!
2376 ||| FLEEEEING.
You hit the orc but do no damage. The orc hits you with a +0 whip.
You barely miss the orc. You hit the orc. You freeze the orc.
The orc is heavily wounded.
You hit the orc. You freeze the orc. The orc hits you with a +0 flail!
The orc hits you with a +0 whip.
You hit the orc. You freeze the orc.
You kill the orc!
You hit the orc but do no damage.
The orc shouts!
You hit the orc. You freeze the orc.
The orc is severely wounded.
You closely miss the orc priest.
The orc priest hits you with a +0 dagger.
The orc hits you with a +0 flail.
You hit the orc. You freeze the orc.
You kill the orc!
You hit the orc priest but do no damage.
You hit the orc priest. You freeze the orc priest.
The orc priest is moderately wounded.
The orc priest hits you but does no damage.
You hit the orc priest. You freeze the orc priest.
The orc priest is severely wounded.
The orc priest mumbles some strange prayers to Beogh against you.
Beogh smites you!
You barely miss the orc priest.
The orc priest is severely wounded.
You hit the orc. You freeze the orc.
The orc priest hits you with a +0 dagger.
The orc hits you with a +0 mace.
You hit the orc priest but do no damage.
The orc priest is severely wounded.
You hit the orc but do no damage.
The orc priest mumbles some strange prayers to Beogh against you.
Pain shoots through your body! The orc hits you with a +0 mace.
You die...

##)## #.####
##...## #.#
##.....## #.#
##.......###..
#.........##.#
+.........+
#.........#
##.......##
##...o@##
##..o## ##'##
#. #. #o .. oo
..


You could see an orc priest and an orc.

Vanquished Creatures
  Sigmund (D:2)
  A gnoll (D:1)
  3 dart slugs
  5 orcs
  4 bats
  3 endoplasms
  3 giant cockroaches
  2 goblins (D:1)
  3 hobgoblins
  4 jackals (D:2)
  2 quokkas (D:1)
  7 ball pythons
  4 frilled lizards
  3 kobolds
  4 rats
49 creatures vanquished.

Notes
Turn   | Place    | Note
-------+----------+-------------------------------------------
     0 | D:1      | qw the Barachi Chaos Knight began the quest for the Orb.
     0 | D:1      | Reached XP level 1. HP: 18/18 MP: 1/1
     0 | D:1      | 0 ||| qw: Version: 0.1-a-108-g9e35731
     0 | D:1      | 0 ||| qw: Game counter: 6200
     0 | D:1      | 0 ||| qw: Always use a shield: true
     0 | D:1      | 0 ||| qw: God list: Okawaru
     0 | D:1      | 0 ||| qw: Allow faded altars: false
     0 | D:1      | 0 ||| qw: Do Orc after D:15 true
     0 | D:1      | 0 ||| qw: Do second Lair branch before Depths: true
     0 | D:1      | 0 ||| qw: Lair rune preference: random
     0 | D:1      | 0 ||| qw: Plans: Normal
     0 | D:1      | 0 ||| PLANNING D:1-11
     0 | D:1      | Fell from the grace of Xom
    32 | D:1      | Reached skill level 4 in Axes
    32 | D:1      | Reached XP level 2. HP: 13/24 MP: 2/2
   250 | D:1      | 250 ||| Stepping ~*~*~tactically~*~*~ (stealth).
   436 | D:1      | Reached XP level 3. HP: 22/29 MP: 3/3
   795 | D:1      | 795 ||| Stepping ~*~*~tactically~*~*~ (stealth).
   947 | D:1      | 947 ||| UPGRADING to +0 pair of gloves.
   952 | D:1      | 952 ||| UPGRADING to ring of protection from fire.
   953 | D:1      | 953 ||| READING scroll labelled PUFOCE PUE.
   954 | D:1      | 954 ||| READING scroll labelled ZYEHYW RACKILL.
   955 | D:1      | 955 ||| READING scroll labelled RIEMIE MOK CIE.
   990 | D:2      | Found a burning altar of Makhleb.
  1108 | D:2      | 1108 ||| Stepping ~*~*~tactically~*~*~ (stealth).
  1109 | D:2      | 1109 ||| Stepping ~*~*~tactically~*~*~ (stealth).
  1143 | D:2      | Reached skill level 5 in Axes
  1184 | D:2      | 1184 ||| Stepping ~*~*~tactically~*~*~ (stealth).
  1185 | D:2      | 1185 ||| Stepping ~*~*~tactically~*~*~ (stealth).
  1186 | D:2      | 1186 ||| Stepping ~*~*~tactically~*~*~ (stealth).
  1282 | D:2      | Noticed Sigmund
  1293 | D:2      | Killed Sigmund
  1294 | D:2      | Reached skill level 6 in Axes
  1294 | D:2      | Reached XP level 4. HP: 15/36 MP: 4/4
  1294 | D:2      | Reached XP level 5. HP: 17/41 MP: 5/5
  1421 | D:2      | XOM: give mutations
  1421 | D:2      | Gained mutation: Armour fits poorly on your strangely
                  | shaped body. [Xom's mischief]
  1421 | D:2      | Gained mutation: Your spells are a little harder to cast,
                  | but a little more powerful. [Xom's mischief]
  1421 | D:2      | Gained mutation: You are frail. (-10% HP) [Xom's mischief]
  1534 | D:2      | Found a runed translucent door.
  1535 | D:2      | Noticed Crazy Yiuf
  1961 | D:2      | 1961 ||| UPGRADING to +0 chain mail.
  1971 | D:2      | 1971 ||| DROPPING +2 leather armour.
  1972 | D:2      | 1972 ||| UPGRADING to +6 ring of dexterity.
  1973 | D:2      | 1973 ||| READING scroll labelled TOUTEL QAWAU.
  1974 | D:2      | 1974 ||| DRINKING 2 glowing sapphire potions.
  2219 | D:3      | 2219 ||| Stepping ~*~*~tactically~*~*~ (hiding).
  2376 | D:3      | 2376 ||| FLEEEEING.
  2384 | D:3      | HP: 6/37 [orc priest/divine providence (7)]
  2385 | D:3      | HP: 2/37 [orc/+0 mace (3)]
  2386 | D:3      | Slain by an orc

Levels and vault maps discovered:
D:1:      minmay_arrival_four_loops, layout_rooms
D:2:      layout_loops_ring, basic_altar, reono_crystal_passage,
          kennysheep_generic_room_16, uniq_crazy_yiuf_cottage, uniq_sigmund
D:3:      cheibrodos_greedy_goblins, layout_loops_corners, led_sif_pool

Skill      XL: |  1  2  3  4  5 |
---------------+----------------+-----
Axes           | 4 6 |  6.9
Fighting       | 4 |  4.0
Armour         | |  2.4
Dodging        | |  1.1

Action                   |  1- 3 |  4- 6 || total
-------------------------+-------+-------++-------
Melee: Hand axe          |   111 |    42 ||   153
       Punch             |     1 |       ||     1
Invok: Renounce Religion |     1 |       ||     1
  Use: Scroll            |     3 |     1 ||     4
       Potion            |       |     1 ||     1
 Stab: Petrifying        |     1 |       ||     1
Armor: Leather armour    |    41 |     7 ||    48
       Chain mail        |       |     2 ||     2
Dodge: Dodged            |    57 |    17 ||    74

Table legend:
 A = Non-vault XP
 B = Vault XP
 C = Vault XP percentage of total XP
 D = Non-vault monster count
 E = Vault monster count
 F = Vault count percentage of total count
                 A         B        C        D         E       F
            +---------+---------+-------+---------+---------+-------
      Total |     100 |     216 |  68.4 |      46 |       3 |   6.1
            +---------+---------+-------+---------+---------+-------
        D:1 |      51 |       0 |   0.0 |      22 |       0 |   0.0
        D:2 |      29 |     216 |  88.2 |      16 |       3 |  15.8
        D:3 |      20 |       0 |   0.0 |       8 |       0 |   0.0
            +---------+---------+-------+---------+---------+-------
